 Dungeon Crawl Stone Soup version 0.19-a0-1937-g70ed36a (webtiles) character file.

434 Amciq the Ruffian (level 6, -4/62 HPs)
             Began as a Troll Monk on Oct 27, 2016.
             Slain by a centaur zombie (6 damage)
             ... in an ossuary.
             The game lasted 00:07:29 (2542 turns).

Amciq the Ruffian (Troll Monk)                      Turns: 2542, Time: 00:07:29

Health: -4/62      AC:  5    Str: 25    XL:     6   Next: 67%
Magic:  5/5        EV: 11    Int:  6    God:
Gold:   202        SH:  0    Dex: 14    Spells: 0 memorised, 5 levels left

rFire  + . .     SeeInvis .       - Unarmed
rCold  x . .     Gourm    +     a - +0 robe
rNeg   . . .     Faith    .     (no shield)
rPois  .         Spirit   .     (helmet restricted)
rElec  .         Reflect  .     (no cloak)
rCorr  .         Harm     .     (gloves unavailable)
MR     .....                    (boots unavailable)
Stlth  ++........               (no amulet)
                                (no ring)
                                w - ring of fire

@: mighty, marked, very slightly contaminated, hasted, very quick
A: unfitting armour, claws 3, fast metabolism 3, gourmand, regeneration 1,
shaggy fur 1, tough skin 2
a: no special abilities


You were in an ossuary.
You were not hungry.

You visited 1 branch of the dungeon, and saw 4 of its levels.
You also visited: Ossuary.

You collected 202 gold pieces.

Inventory:

Armour
 a - a +0 robe (worn)
Jewellery
 w - a ring of fire (left claw)
Scrolls
 e - 2 scrolls of identify
 f - a scroll of amnesia {unknown}
 g - 3 scrolls of remove curse {unknown}
 h - a scroll of recharging {unknown}
 i - 2 scrolls of teleportation {unknown}
 j - a scroll of fear {unknown}
 k - a scroll of enchant armour {unknown}
 q - a scroll of noise {unknown}
 t - a scroll of random uselessness {unknown}
 u - a scroll of immolation {unknown}
 v - 2 scrolls of blinking {unknown}
 y - a scroll of fog {unknown}
Potions
 c - a potion of cancellation
 o - a potion of resistance
 p - a potion of haste
 s - a potion of agility {unknown}
 x - a potion of degeneration {unknown}
Comestibles
 b - 4 bread rations
 d - a beef jerky
 l - 3 meat rations
 r - 2 fruits


   Skills:
 + Level 4.0 Fighting
 + Level 3.8 Dodging
 + Level 2.3 Stealth
 + Level 4.2 Unarmed Combat


You had 5 spell levels left.
You didn't know any spells.

Dungeon Overview and Level Annotations

Branches:
Dungeon (4/15)             Temple (0/1) D:4

Altars:


Innate Abilities, Weirdness & Mutations

You are too large for most types of armour.
You have claws for hands.
Your metabolism is lightning-fast.
You like to eat raw meat.
Your natural rate of healing is unusually fast.
You are covered in fur. (AC +1)
You have very tough skin. (AC +2)


Message History

The centaur zombie closely misses you. The jackal zombie barely misses you.
The mummy hits you!
* * * LOW HITPOINT WARNING * * *
You are very lightly contaminated with residual magic.
You are too injured to fight recklessly!
You closely miss the elf zombie.
The elf zombie is almost destroyed.
The centaur zombie closely misses you. The jackal zombie barely misses you.
The elf zombie barely misses you.
You mangle the elf zombie!!
You destroy the elf zombie!
Your Fighting skill increases to level 4!
The centaur zombie hits you but does no damage.
The jackal zombie barely misses you.
You mangle the kobold zombie!!
You destroy the kobold zombie!
The mummy hits you!
* * * LOW HITPOINT WARNING * * *
The centaur zombie hits you.
You die...

#...##############...#
#...# ...# #...# #...#
#...# #...# #...#
....+####...# #...#
#.∩.....#...# #...#
#.......#...# #...#
#Z......#...#
#...#.####MZ.....#...#
#...#ZZZ.@ZZ.....#...#
#...#Z####Z.####.#...#
#...# #Z^# #...# #...#
#.^# #...#
#...######..######...#
#....................#
#........8..8........#
#....................#
#....................#


You could see a mummy, an adder zombie, 2 rat zombies, a jackal zombie, a goblin
zombie, a hobgoblin zombie, 2 big kobold zombies, a centaur zombie and a human
zombie.

Vanquished Creatures
  An elf zombie (Ossuary)
  A scorpion (D:4)
  A howler monkey (D:3)
  A centaur zombie (Ossuary)
  An iguana (D:4)
  2 worker ants
  2 mummies
  3 adders
  An ooze (D:3)
  An adder zombie (Ossuary)
  2 worms
  3 dart slugs
  2 leopard geckos
  4 orcs (D:3)
  5 giant cockroaches
  5 goblins
  9 hobgoblins
  10 jackals
  5 kobolds
  4 quokkas
  A ball python (D:1)
  7 bats
  2 frilled lizards (D:1)
  8 hobgoblin zombies (Ossuary)
  5 kobold zombies (Ossuary)
  8 orc zombies (Ossuary)
  6 rats
100 creatures vanquished.

Notes
Turn   | Place    | Note
-------+----------+-------------------------------------------
     0 | D:1      | Amciq the Troll Monk began the quest for the Orb.
     0 | D:1      | Reached XP level 1. HP: 22/22 MP: 0/0
   157 | D:1      | Reached XP level 2. HP: 29/29 MP: 1/1
   593 | D:1      | Reached XP level 3. HP: 32/36 MP: 2/2
  1343 | D:2      | Reached XP level 4. HP: 45/45 MP: 3/3
  1978 | D:3      | Reached XP level 5. HP: 53/53 MP: 4/4
  2296 | D:4      | Reached XP level 6. HP: 49/61 MP: 5/5
  2298 | D:4      | Found a staircase to the Ecumenical Temple.
  2397 | D:4      | Found a sand-covered staircase.
  2408 | Ossuary  | Entered an ossuary
  2542 | Ossuary  | HP: 2/62 [mummy (8)]
  2542 | Ossuary  | Slain by a centaur zombie

Vault maps used:
D:1:      wheals_arrival_shading
D:2:      minmay_domino_2
D:3:      patterned_corridor
D:4:      okawaru_gym_becter, first_bread, gup_ossuary_entry_pyramid
Ossuary:  ossuary_tomb_1

Skill      XL: |  1  2  3  4  5  6 |
---------------+-------------------+-----
Fighting       | 3 4 |  4.0
Dodging        | 3 |  3.8
Stealth        | 2 |  2.3
Unarmed Combat | 4 |  4.2

Action                   |  1- 3 |  4- 6 || total
-------------------------+-------+-------++-------
Melee: Unarmed           |   128 |   186 ||   314
       Punch             |     2 |     5 ||     7
  Use: Scroll            |       |     3 ||     3
       Potion            |       |     3 ||     3
 Stab: Sleeping          |     5 |     1 ||     6
  Eat: Chunk             |    18 |     6 ||    24
Armor: Robe              |    74 |    60 ||   134
Dodge: Dodged            |    60 |   116 ||   176
